 Seeded DCSS version 0.30.1-11-g7821555f0a (webtiles) character file.

Game seed: 5 (custom seed)

2655 Kazon the Chopper (level 9, -9/66 HPs)
             Began as a Demonspawn Gladiator on Dec 20, 2023.
             Was an Elder of Okawaru.
             Mangled by a two-headed ogre
             ... wielding a +0 giant spiked club
              (29 damage)
             ... on level 7 of the Dungeon.
             The game lasted 00:17:50 (4246 turns).

Kazon the Chopper (Demonspawn Gladiator)            Turns: 4246, Time: 00:17:51

Health: -9/66      AC:  4    Str: 21    XL:     9   Next: 36%
Magic:  0/22       EV: 11    Int: 11    God:    Okawaru [****..]
Gold:   341        SH: 14    Dex: 20    Spells: 8/8 levels left

rFire   . . .        x - +6 broad axe "Juse" {freeze, Str+3}
rCold   . . .        c - +0 tower shield
rNeg    . . .        b - +0 leather armour
rPois   .            (helmet unavailable)
rElec   .            (no cloak)
rCorr   .            (no gloves)
SInv    +            (no boots)
Will    .....        D - amulet of guardian spirit
Stlth   ++           r - ring of magical power
HPRegen 0.31/turn    z - +6 ring of dexterity
MPRegen 0.18/turn

%: guardian spirit
@: no status effects
A: antennae 3, rugged brown scales 1, powered by death 2
a: Renounce Religion, Heroism, Finesse


You were on level 7 of the Dungeon.
You worshipped Okawaru.
Okawaru was greatly pleased with you.
You visited 2 branches of the dungeon, and saw 8 of its levels.
You also visited: Ossuary.

You collected 341 gold pieces.

Inventory:

Hand Weapons
 a - a +0 war axe
 e - a +2 vampiric dagger
 f - a +0 hand axe of flaming
 v - a +0 vampiric hand axe
 x - the +6 broad axe "Juse" (weapon) {freeze, Str+3}
   (You acquired it on level 1 of the Dungeon)

   Str:       It affects your strength (+3).
Missiles
 d - 3 throwing nets
 h - 19 stones (quivered)
 k - 5 boomerangs
 q - a javelin
 s - 10 poisoned darts
Armour
 b - a +0 leather armour (worn)
 c - a +0 tower shield (worn)
Jewellery
 r - a ring of magical power (left hand)
 z - a +6 ring of dexterity (right hand)
 D - an amulet of guardian spirit (around neck)
Wands
 y - a wand of paralysis (8)
Scrolls
 g - a scroll of fog {unknown}
 m - 5 scrolls of identify {unknown}
 n - a scroll of blinking {unknown}
 p - 2 scrolls of magic mapping {unknown}
 t - 2 scrolls of teleportation {unknown}
 w - a scroll of amnesia {unknown}
 A - a scroll of torment {unknown}
 F - a scroll of poison {unknown}
 H - a scroll of enchant armour {unknown}
 K - 2 scrolls of fear {unknown}
 L - a scroll of enchant weapon {unknown}
Potions
 i - 2 potions of invisibility {unknown}
 j - 5 potions of curing {unknown}
 l - 5 potions of flight {unknown}
 u - a potion of resistance {unknown}
 B - 4 potions of heal wounds {unknown}
 C - a potion of lignification {unknown}
 E - 4 potions of attraction {unknown}
 G - 2 potions of berserk rage {unknown}
 I - a potion of haste {unknown}
 J - 2 potions of brilliance {unknown}


   Skills:
 + Level 4.3 Fighting
 + Level 6.8 Axes
 + Level 2.8 Throwing
 + Level 2.7 Armour
 + Level 4.3 Dodging
 + Level 3.0 Stealth
 + Level 3.4 Shields
 * Level 6.5 Invocations
 * Level 3.8 Evocations


You had 8 spell levels left.
You didn't know any spells.
Your spell library contained the following spells:

 Spells                   Type           Power      Damage    Failure   Level
 Frozen Ramparts          Ice            0%         1d1       100%        3
 Ignite Poison            Fire/Tmut/Pois 0%         N/A       100%        3
 Ice Form                 Ice/Tmut       0%         N/A       100%        4
 Sticky Flame             Conj/Fire      0%         2d3       100%        4
 Eringya's Noxious Bog    Tmut/Pois      0%         N/A       100%        6
 Ignition                 Fire           0%         3d3       100%        8
 Summon Ice Beast         Ice/Summ       Unusable   N/A       N/A         4
 Summon Forest            Summ/Tloc      Unusable   N/A       N/A         5
 Summon Hydra             Summ           Unusable   N/A       N/A         7

Dungeon Overview and Level Annotations

Branches:
Dungeon (7/15)             Temple (1/1) D:4         Ossuary (visited)

Altars:
Dithmenos
Fedhas
Gozag
Hepliaklqana
Okawaru
Qazlal
Trog
Uskayaw
Wu Jian
Xom


Innate Abilities, Weirdness & Mutations

You have a pair of large antennae on your head. (SInv)
You are partially covered in rugged brown scales. (AC +1, +3% HP)
You regenerate health from kills.


Message History

You kill the killer bee!
Okawaru accepts your kill.
You see here a killer bee corpse.
Items here: ))))) †††.
Okay, then.
Found a stone staircase leading down.
h - 19 stones (gained 2);
s - 10 poisoned darts (gained 6)
Items here: ))) †††.
K - 2 scrolls labelled ANISOD OGIKHLA (gained 1)
Found 18 gold pieces.
You now have 341 gold pieces (gained 18).
A two-headed ogre comes into view.
It is wielding a +0 giant spiked club and a +0 giant club.
Found a stone staircase leading up.
Found 13 gold pieces.
The helpless two-headed ogre fails to defend itself.
You slice the two-headed ogre!! You freeze the two-headed ogre!
The two-headed ogre is severely wounded.
The two-headed ogre misses you. You block the two-headed ogre's attack.
You closely miss the two-headed ogre.
The two-headed ogre is severely wounded.
The two-headed ogre barely misses you.
The two-headed ogre hits you with a +0 giant club!
You hit the two-headed ogre. You freeze the two-headed ogre.
The two-headed ogre is severely wounded.
The two-headed ogre hits you with a +0 giant spiked club!!
The two-headed ogre hits you with a +0 giant club!
You closely miss the two-headed ogre.
The two-headed ogre is severely wounded.
You block the two-headed ogre's attack.
The two-headed ogre hits you with a +0 giant club.
You barely miss the two-headed ogre.
The two-headed ogre is severely wounded.
The two-headed ogre closely misses you. You block the two-headed ogre's attack.
The two-headed ogre hits you with a +0 giant spiked club!!
* * * LOW HITPOINT WARNING * * *
The two-headed ogre closely misses you.
You hit the two-headed ogre. You freeze the two-headed ogre.
The two-headed ogre is almost dead.
The two-headed ogre hits you with a +0 giant spiked club!!!
You die...

### ..# #.##.# #.##.#
#.##.# #.##.# #.##O#
#####.##@#
#####.....##.######
#...................
...###.######.#.####.
#.# #.#.# #.# ... # #
#.# .... # ####.#
....# # #....# .$<..#
#


You could see a two-headed ogre.

Vanquished Creatures
  Sigmund (D:4)
  Duvessa (D:6)
  A water moccasin (D:6)
  2 black bears (D:4)
  2 centaurs
  An ogre (D:5)
  An elf zombie (Ossuary)
  A kobold brigand (D:7)
  2 scorpions
  5 wights (D:7)
  4 killer bees (D:7)
  Dowan (D:6)
  A howler monkey (D:6)
  A centaur zombie (Ossuary)
  5 hounds
  3 orc priests (D:6)
  3 human zombies (Ossuary)
  A jelly (D:5)
  6 iguanas
  4 orc wizards (D:6)
  4 ogre zombies (Ossuary)
  7 mummies (Ossuary)
  4 gnolls (D:5)
  9 adders
  A white imp (D:7)
  2 ufetubi
  A worm zombie (D:7)
  2 adder zombies (Ossuary)
  3 worms
  15 orcs
  4 bats
  9 endoplasms
  A giant cockroach (D:1)
  12 goblins
  7 hobgoblins
  11 jackals
  10 kobolds
  3 quokkas (D:4)
  6 ball pythons
  3 frilled lizards
  4 goblin zombies (Ossuary)
  6 hobgoblin zombies
  3 kobold zombies
  4 quokka zombies (Ossuary)
  4 rats
  4 rat zombies (Ossuary)
185 creatures vanquished.

Notes
Turn   | Place    | Note
-------+----------+-------------------------------------------
     0 | D:1      | Kazon the Demonspawn Gladiator began the quest for the Orb.
     0 | D:1      | Reached XP level 1. HP: 16/16 MP: 1/1
    43 | D:1      | Identified a scroll of acquirement
    43 | D:1      | Acquired the +6 broad axe "Juse" {freeze, Str+3}
    75 | D:1      | Gained mutation: You have a pair of small antennae on your
                  | head. [demonic ancestry]
    75 | D:1      | Reached XP level 2. HP: 22/22 MP: 2/2
   405 | D:1      | Gained mutation: You are partially covered in rugged brown
                  | scales. (AC +1, +3% HP) [demonic ancestry]
   405 | D:1      | Reached XP level 3. HP: 22/27 MP: 3/3
  1015 | D:2      | Reached XP level 4. HP: 32/33 MP: 4/4
  1289 | D:2      | Reached skill level 1 in Armour
  1586 | D:3      | Found a blossoming altar of Fedhas.
  1744 | D:3      | Found a stormy altar of Qazlal.
  1831 | D:3      | Identified the +2 sling "Qeuhanocyt" {speed, rElec Str-3
                  | Dex+2}
  1869 | D:3      | Found a faded altar of an unknown god.
  2035 | D:4      | Found a staircase to the Ecumenical Temple.
  2043 | Temple   | Entered the Ecumenical Temple
  2057 | Temple   | Became a worshipper of Warmaster Okawaru
  2140 | D:4      | Noticed a black bear
  2153 | D:4      | Killed a black bear
  2154 | D:4      | Reached skill level 1 in Shields
  2154 | D:4      | Reached skill level 1 in Invocations
  2154 | D:4      | Gained mutation: You regenerate a little health from kills.
                  | [demonic ancestry]
  2154 | D:4      | Reached XP level 5. HP: 29/40 MP: 6/6
  2158 | D:4      | Found a hazy altar of Hepliaklqana.
  2159 | D:4      | Found a shadowy altar of Dithmenos.
  2159 | D:4      | Noticed a shadow
  2196 | D:4      | Noticed Sigmund
  2199 | D:4      | Killed Sigmund
  2199 | D:4      | Reached * piety under Okawaru
  2200 | D:4      | Gained mutation: You have a pair of antennae on your head.
                  | [demonic ancestry]
  2200 | D:4      | Reached XP level 6. HP: 47/47 MP: 7/7
  2409 | D:4      | Reached skill level 1 in Stealth
  2570 | D:4      | Gained mutation: You have a pair of large antennae on your
                  | head. (SInv) [demonic ancestry]
  2570 | D:4      | Reached XP level 7. HP: 52/52 MP: 9/9
  2794 | D:5      | Entered Level 5 of the Dungeon
  2799 | D:5      | Reached ** piety under Okawaru
  2915 | D:5      | Reached skill level 5 in Axes
  2929 | D:5      | Reached skill level 1 in Evocations
  3199 | D:6      | Noticed Dowan
  3200 | D:6      | Noticed Duvessa
  3206 | D:6      | Killed Dowan
  3213 | D:6      | Killed Duvessa
  3214 | D:6      | Gained mutation: You regenerate health from kills. [demonic
                  | ancestry]
  3214 | D:6      | Reached XP level 8. HP: 23/59 MP: 8/11
  3356 | D:6      | Found a shimmering altar of Xom.
  3501 | D:6      | Reached *** piety under Okawaru
  3614 | D:7      | Reached skill level 5 in Invocations
  3655 | D:7      | Reached XP level 9. HP: 21/65 MP: 5/13
  3691 | D:7      | Found a sand-covered staircase.
  3704 | Ossuary  | Entered an ossuary
  4086 | Ossuary  | Reached **** piety under Okawaru
  4238 | D:7      | Noticed a two-headed ogre
  4246 | D:7      | Mangled by a two-headed ogre

Illustrated notes

Levels and vault maps discovered:
D:1:      ebering_trefoil_3fold, layout_basic, st_stairs_14, serial_bayou_ford_a
D:2:      layout_basic, hangedman_decor_growths, minmay_close_crescents
D:3:      layout_rooms, mainiacjoe_overflow_concentric_impassable,
          mainiacjoe_overflow_paths, shapermc_ecumenical_altar_acropolis,
          chequers_serial_rivers_micro_b
D:4:      layout_basic, riverfiend_overflow_shadow_ancestor,
          minmay_temple_entry_glass, uniq_sigmund
D:5:      layout_gridville
D:6:      layout_basic, xom_teletrap_fun, uniq_duvessa
D:7:      layout_loops_ring, enter_ossuary_3, roderic_batcave
Temple:   nicolae_temple_elliptical

Skill      XL: |  1  2  3  4  5  6  7  8  9 |
---------------+----------------------------+-----
Dodging        | 3 4 |  4.3
Axes           | 3 4 5 6 |  6.8
Armour         | 1 2 |  2.7
Throwing       | 2 |  2.8
Shields        | 1 2 3 |  3.4
Invocations    | 1 2 3 4 5 6 |  6.5
Stealth        | 1 2 3 |  3.0
Fighting       | 3 4 |  4.3
Evocations     | 1 3 |  3.8

Action                     |  1- 3 |  4- 6 |  7- 9 || total
---------------------------+-------+-------+-------++-------
  Melee: War axe           |    16 |       |       ||    16
         Broad axe         |    66 |    87 |   242 ||   395
         Punch             |     2 |       |       ||     2
  Throw: Stone             |       |    10 |    25 ||    35
         Dart              |       |       |    14 ||    14
 Invoke: Heroism           |       |       |     1 ||     1
    Use: Scroll            |     2 |       |     1 ||     3
         Potion            |     1 |       |       ||     1
   Stab: Sleeping          |     1 |     2 |    19 ||    22
         Distracted        |       |       |     1 ||     1
 Armour: Leather armour    |    22 |    20 |    28 ||    70
  Dodge: Dodged            |    47 |    39 |    91 ||   177
  Block: Tower shield      |    26 |    57 |   173 ||   256
